 Dungeon Crawl Stone Soup version 0.30.1-11-g7821555f0a (webtiles) character file.

Game seed: 3713305244012301253

1521 jagang the Trooper (level 9, 0/69 HPs)
             Began as a Human Monk on Dec 28, 2023.
             Was a Believer of the Shining One.
             Succumbed to a gnoll's poison
             ... on level 6 of the Dungeon.
             The game lasted 00:13:56 (4943 turns).

jagang the Trooper (Human Monk)                     Turns: 4943, Time: 00:13:57

Health: 0/69       AC: 19    Str: 11    XL:     9   Next: 10%
Magic:  7/11       EV: 11    Int: 10    God:    the Shining One [**....]
Gold:   124        SH:  0    Dex: 21    Spells: 8/8 levels left

rFire   . . .        E - +0 long sword
rCold   . . .        (no shield)
rNeg    + . .        g - +6 scale mail of Ezickiar {Fly}
rPois   .            (no helmet)
rElec   .            y - +0 cloak
rCorr   .            C - +0 pair of gloves
SInv    .            (no boots)
Will    .....        u - amulet of guardian spirit Stlth
                     n - +4 ring of protection
HPRegen 0.31/turn    (no ring)
MPRegen 0.12/turn

%: guardian spirit
@: mighty, lethally poisoned (0 -> -29), flying, hasted, glowing, very quick
A: no striking features
a: Renounce Religion, Divine Shield


You were on level 6 of the Dungeon.
You worshipped the Shining One.
The Shining One was pleased with you.
You visited 1 branch of the dungeon, and saw 6 of its levels.
You also visited: Sewer.

You collected 312 gold pieces.
You spent 188 gold pieces at shops.

Inventory:

Hand Weapons
 t - a +2 short sword of protection
 E - a +0 long sword (weapon)
Missiles
 q - 33 poisoned darts (quivered)
 w - 2 throwing nets
Armour
 d - a +0 plate armour
 g - the +6 scale mail of Ezickiar (worn) {Fly}
   (You found it on level 4 of the Dungeon)

   Fly:       It grants you flight.
 y - a +0 cloak (worn)
 C - a +0 pair of gloves (worn)
 F - a +3 leather armour of fire resistance
Jewellery
 n - a +4 ring of protection (left hand)
 u - an amulet of guardian spirit (around neck)
Wands
 x - a wand of iceblast (8)
Scrolls
 f - 3 scrolls of teleportation
 h - 4 scrolls of poison
 i - a scroll of vulnerability
 j - 2 scrolls of amnesia
 s - 2 scrolls of enchant armour
 v - a scroll of immolation
 B - a scroll of torment
 D - 2 scrolls of magic mapping {unknown}
 I - a scroll of brand weapon
Potions
 b - 2 potions of magic {unknown}
 c - a potion of ambrosia
 e - a potion of berserk rage {unknown}
 k - 3 potions of attraction {unknown}
 l - 2 potions of invisibility {unknown}
 m - a potion of degeneration {unknown}
 o - 3 potions of brilliance {unknown}
 p - 3 potions of might
 r - 2 potions of lignification {unknown}
 z - a potion of curing {unknown}
 A - 3 potions of haste
 G - 2 potions of flight
 H - a potion of resistance


   Skills:
 + Level 6.3 Fighting
 + Level 6.2 Long Blades
 + Level 0.4 Throwing
 + Level 5.3 Armour
 - Level 4.7 Dodging
 - Level 3.1 Invocations


You had 8 spell levels left.
You didn't know any spells.
Your spell library was empty.

Dungeon Overview and Level Annotations

Branches:
Dungeon (6/15)             Temple (0/1) D:5           Sewer (visited)

Altars:
Kikubaaqudgha
Sif Muna
Vehumet
Wu Jian
The Shining One

Shops:
D:6 *


Message History

The gnoll hits you from afar with a +1 spear of venom.
You are more poisoned.
The gnoll barely misses you. The gnoll hits you but does no damage.
You hit the gnoll.
The gnoll is heavily wounded.
You feel very sick. The gnoll barely misses you. The gnoll misses you.
You hit the gnoll.
The gnoll is almost dead.
You feel very sick. The gnoll hits you with a +0 whip.
The gnoll hits you but does no damage.
You are more poisoned.
You hit the gnoll but do no damage. You punch the gnoll.
The gnoll is almost dead.
You feel very sick. The gnoll barely misses you.
The gnoll hits you from afar with a +1 spear of venom.
You are more poisoned.
You hit the gnoll.
You kill the gnoll!
Your attacks no longer feel as feeble.
You feel very sick. The gnoll hits you but does no damage.
You are lethally poisoned!
It was a potion of might.
You feel very mighty all of a sudden.
* * * LOW HITPOINT WARNING * * *
You feel extremely sick.
The gnoll hits you from afar with a +1 spear of venom.
* * * LOW HITPOINT WARNING * * *
You are more poisoned.
It was a potion of haste.
You feel yourself speed up.
* * * LOW HITPOINT WARNING * * *
You feel extremely sick. The gnoll barely misses you.
Okay, then.
Blink to where?
Press: ? - help, Dir - move target
As you read the scroll of blinking, it crumbles to dust.
You die...

(((...........#)#.#
......$########ยง#.#
..#.... #.#.# #....
#.#.# ####### #.#.#
#....#######.#.#
#.#.........)..#
#.#............+
#.#........@...#
#.############## #.#
#####.##########
#...............
#.......########
#....<..# #.......#
+.......#


There were no monsters in sight!

Vanquished Creatures
  Eustachio (D:6)
  A water moccasin (D:5)
  An ice beast (D:6)
  A black bear (D:6)
  A centaur (D:6)
  3 kobold brigands (Sewer)
  A scorpion (D:5)
  A howler monkey (D:6)
  5 hounds
  An orc priest (D:5)
  Natasha (thrice) (D:2)
  A gnoll bouda (D:6)
  An iguana (D:5)
  6 orc wizards
  2 gnolls (D:6)
  6 adders
  5 river rats (Sewer)
  A white imp (D:6)
  2 ufetubi
  4 worms
  2 dart slugs
  11 orcs
  8 endoplasms
  4 giant cockroaches
  7 goblins
  6 hobgoblins
  2 jackals (D:1)
  3 quokkas
  8 ball pythons
  6 bats
  5 frilled lizards
  16 kobolds
  18 rats
143 creatures vanquished.

Notes
Turn   | Place    | Note
-------+----------+-------------------------------------------
     0 | D:1      | jagang the Human Monk began the quest for the Orb.
     0 | D:1      | Reached XP level 1. HP: 18/18 MP: 1/1
   176 | D:1      | Reached XP level 2. HP: 21/24 MP: 2/2
   265 | D:1      | Found a faded altar of an unknown god.
   294 | D:1      | Reached skill level 1 in Armour
   640 | D:2      | Reached XP level 3. HP: 29/29 MP: 3/3
   746 | D:2      | Found an ornate altar of the Wu Jian Council.
   815 | D:2      | Noticed Natasha
   821 | D:2      | Killed Natasha
   822 | D:2      | Reached XP level 4. HP: 33/36 MP: 4/4
   980 | D:2      | Noticed Natasha
   984 | D:2      | Killed Natasha
   992 | D:2      | Noticed Natasha
  1000 | D:2      | Killed Natasha
  1001 | D:2      | Reached XP level 5. HP: 28/42 MP: 5/5
  1964 | D:3      | Reached XP level 6. HP: 44/48 MP: 6/6
  2329 | D:4      | Identified the +6 scale mail of Ezickiar {Fly}
  2580 | D:4      | Found a glowing drain.
  2588 | Sewer    | Entered a sewer
  2792 | Sewer    | Reached skill level 1 in Invocations
  2819 | Sewer    | Reached XP level 7. HP: 28/55 MP: 6/8
  3394 | D:5      | Entered Level 5 of the Dungeon
  3662 | D:5      | Reached XP level 8. HP: 46/61 MP: 7/10
  3670 | D:5      | Reached skill level 5 in Fighting
  3826 | D:5      | Reached skill level 5 in Long Blades
  3901 | D:5      | Found a glowing golden altar of the Shining One.
  3908 | D:5      | Became a worshipper of the Shining One
  3908 | D:5      | Reached * piety under the Shining One
  3908 | D:5      | Reached ** piety under the Shining One
  4183 | D:5      | Found a radiant altar of Vehumet.
  4199 | D:5      | Found an ancient bone altar of Kikubaaqudgha.
  4217 | D:5      | Found a shimmering blue altar of Sif Muna.
  4371 | D:5      | Found a staircase to the Ecumenical Temple.
  4520 | D:6      | Noticed Eustachio
  4564 | D:6      | Killed Eustachio
  4638 | D:6      | Found Ruwinae's General Store.
  4677 | D:6      | Bought a scroll of identify for 26 gold pieces
  4677 | D:6      | Bought a potion of flight for 39 gold pieces
  4677 | D:6      | Bought a scroll of brand weapon for 123 gold pieces
  4724 | D:6      | Found an ornate altar of the Wu Jian Council.
  4768 | D:6      | Reached skill level 5 in Armour
  4768 | D:6      | Reached XP level 9. HP: 69/69 MP: 11/11
  4943 | D:6      | Succumbed to a gnoll's poison

Illustrated notes

Levels and vault maps discovered:
D:1:      dpeg_arrival_circle_labyrinth_a, layout_basic,
          chequers_ecumenical_altar_simple
D:2:      layout_loops_cross, basic_altar, grunt_decor_clamped,
          minmay_fractal_squares_gapless_5, uniq_natasha
D:3:      layout_loops_ring
D:4:      layout_gridville, cheibrodos_sewer_entry_bend
D:5:      layout_loops_corners, palyth_temple_overflow_mages,
          nicolae_tso_carved_into_rock, minmay_temple_entry_antechambers
D:6:      layout_basic, lemuel_tele_altar, serial_shops,
          nicolae_shop_window_shopping, uniq_eustachio

Skill      XL: |  1  2  3  4  5  6  7  8 |
---------------+-------------------------+-----
Armour         | 1 2 3 5 |  5.3
Fighting       | 4 6 |  6.3
Long Blades    | 4 6 |  6.2
Invocations    | 1 2 3 |  3.1
Dodging        | 4 |  4.7
Throwing       | |  0.4

Action                     |  1- 3 |  4- 6 |  7- 9 || total
---------------------------+-------+-------+-------++-------
  Melee: Falchion          |    58 |    71 |       ||   129
         Short sword       |       |   120 |   319 ||   439
         Long sword        |       |       |    34 ||    34
         Punch             |       |       |     3 ||     3
  Throw: Dart              |       |       |     3 ||     3
  Evoke: Wand              |       |     1 |       ||     1
    Use: Scroll            |       |     6 |     3 ||     9
         Potion            |       |       |     2 ||     2
   Stab: Distracted        |       |     1 |       ||     1
 Armour: Robe              |     3 |       |       ||     3
         Ring mail         |    15 |    41 |       ||    56
         Scale mail        |       |    50 |   230 ||   280
  Dodge: Dodged            |    41 |   112 |   175 ||   328
